[Event "Titled Tuesday Blitz January 10 Late 2023"]
[White "Forgacs, Attila Jr."]
[Black "Itkis, Boris"]
[WhiteFideId "773654"]
[BlackFideId "1209167"]
[WhiteElo "2264"]
[BlackElo "2329"]
[Result "0-1"]
[Round "05"]
[TimeControl "180+2"]
[Date "2023.01.10"]
[WhiteClock "0:00:02"]
[BlackClock "0:00:04"]

1. e4 e5 2. Nf3 Nc6 3. Bb5 a6 4. Ba4 d6 5. O-O Bd7 6. c3 Nge7 7. d4 Ng6 8. d5 Nb8 9. Bxd7+ Qxd7 10. c4 Be7 11. Nc3 O-O 12. Ne1 f5 13. f3 fxe4 14. Nxe4 a5 15. Nd3 Na6 16. Be3 b6 17. a3 Nh4 18. b4 Nf5 19. Bf2 b5 20. c5 c6 21. dxc6 Qxc6 22. Rc1 d5 23. Ng3 Qe6 24. Re1 Bf6 25. Qb3 axb4 26. Nxf5 Qxf5 27. Qxd5+ Kh8 28. Nxb4 Nxb4 29. axb4 Rfd8 30. Qb7 Ra2 31. c6 Rxf2 32. Kxf2 Bh4+ 33. g3 Qh3 34. Rh1 Rd2+ 35. Ke1 Qg2 36. Qc8+ Rd8 37. Qxd8+ Bxd8 38. Rf1 Qb2 39. Rd1 Qxb4+ 40. Kf2 Bb6+ 41. Kg2 Qc5 42. Rc1 Qd6 43. Rfd1 Qe7 44. Ra1 h6 45. Rac1 Bc7 46. Rd7 Qa3 47. Rcd1 Bb6 48. R7d6 Qb2+ 49. R6d2 Qc3 50. Rd6 b4 51. c7 Bxc7 52. Rd7 b3 53. Kh3 b2 54. Rf7 Qc2 55. Rdd7 Qg6 56. Rxc7 b1=Q 57. Rf8+ Kh7 58. Rcc8 Qbf5+ 59. Kg2 Qc2+ 60. Kf1 Qgd3+ 61. Kg1 Qdd1# 0-1


[Site "https://www.chess.com"]

[Event "Titled Tuesday Blitz January 10 Late 2023"]
[White "Oliveira, Tiago Batista"]
[Black "Herbst, Richard"]
[WhiteFideId "2108291"]
[BlackFideId "2041251"]
[WhiteElo "1991"]
[BlackElo "2120"]
[Result "0-1"]
[Round "05"]
[TimeControl "180+2"]
[Date "2023.01.10"]
[WhiteClock "0:00:01"]
[BlackClock "0:00:22"]

1. d4 d6 2. c4 Nc6 3. g3 e5 4. d5 Nb8 5. Bg2 g6 6. e4 Bg7 7. Ne2 f5 8. O-O Nf6 9. Nbc3 O-O 10. f4 a5 11. fxe5 dxe5 12. Bg5 Qd6 13. Qd2 Na6 14. Rac1 c6 15. Kh1 Nc5 16. dxc6 Qxd2 17. Bxd2 bxc6 18. exf5 gxf5 19. Bxc6 Rb8 20. Nd5 Nfe4 21. Bc3 Nxc3 22. bxc3 Be6 23. Ne7+ Kh8 24. Bd5 Bd7 25. Rb1 a4 26. Nc6 Rbe8 27. Nb4 Bh6 28. Rbd1 f4 29. Bf3 Bf5 30. Nd5 e4 0-1


[Site "https://www.chess.com"]

[Event "Titled Tuesday Blitz January 10 Late 2023"]
[White "Rose, Felix"]
[Black "Dias, Joao Batista"]
[WhiteFideId "5105722"]
[BlackFideId "2108240"]
[WhiteElo "2091"]
[BlackElo "1796"]
[Result "1-0"]
[Round "05"]
[TimeControl "180+2"]
[Date "2023.01.10"]
[WhiteClock "0:00:38"]
[BlackClock "0:00:52"]

1. d4 d5 2. Bf4 Nf6 3. e3 g6 4. Nf3 Bg7 5. h3 O-O 6. c4 c6 7. Nc3 Re8 8. Rc1 e6 9. Be2 Nbd7 10. O-O a6 11. cxd5 exd5 12. b4 Nf8 13. Na4 Ne6 14. Bh2 Ne4 15. Nd2 f5 16. Nxe4 fxe4 17. Nc5 Nxc5 18. bxc5 Bh6 19. Rb1 Rf8 20. Bg4 Rf7 21. Bxc8 Rxc8 22. Qg4 Qd7 23. Qxd7 Rxd7 24. Rb6 Rf8 25. Rfb1 Rff7 26. g4 Bg5 27. Bg3 Bd8 28. R6b3 Kg7 29. Kg2 Kf6 30. Bh4+ g5 31. Bg3 Ke6 32. Be5 Bf6 33. Bd6 Bd8 34. a4 Bf6 35. Bg3 Bd8 36. Rh1 Bf6 37. h4 h6 38. hxg5 hxg5 39. Rhb1 Rh7 40. Bd6 Bd8 41. Rh1 Rxh1 42. Kxh1 Rf7 43. Kg2 Ba5 44. Rb1 Bd8 45. Rh1 Be7 46. Be5 Kd7 47. Rh8 Bd8 48. Rg8 Rh7 49. Bd6 Rf7 50. Bg3 Rh7 51. Rg6 Rf7 52. Be5 Rh7 53. Rd6+ Kc8 54. Bf6 Bxf6 55. Rxf6 Rg7 56. f3 Kc7 57. fxe4 dxe4 58. Re6 b6 59. Rxe4 bxc5 60. dxc5 Rd7 61. Re5 Rg7 62. Kf3 Kd7 63. Ke4 a5 64. Kf5 Rg8 65. Kf6 Rb8 66. Kxg5 Rb4 67. Kf6 Rxa4 68. g5 Rg4 69. Kf5 Rg1 70. Re4 Rf1+ 71. Ke5 Ke7 72. Ra4 Rg1 73. Kf5 Rf1+ 74. Kg6 Re1 75. Rxa5 Rxe3 76. Ra6 Kd7 77. Ra7+ Ke6 78. Ra8 Kd5 79. Kg7 Kxc5 80. g6 Kc4 81. Ra4+ Kd5 82. Rg4 c5 83. Kf6 c4 84. g7 Re6+ 85. Kf7 c3 86. g8=Q Rc6 87. Ke7+ 1-0


[Site "https://www.chess.com"]

[Event "Titled Tuesday Blitz January 10 Late 2023"]
[White "Kovacevic, Radmila"]
[Black "Curtis, John"]
[WhiteFideId "933171"]
[BlackFideId "3200256"]
[WhiteElo "2106"]
[BlackElo "2292"]
[Result "0-1"]
[Round "05"]
[TimeControl "180+2"]
[Date "2023.01.10"]
[WhiteClock "0:00:03"]
[BlackClock "0:00:05"]

1. e4 c5 2. Be2 Nc6 3. f4 e6 4. Nf3 a6 5. O-O Be7 6. a4 Rb8 7. c3 Nf6 8. d3 d6 9. Kh1 b5 10. axb5 axb5 11. Be3 O-O 12. Nbd2 Bd7 13. d4 c4 14. h3 Ra8 15. g4 Rxa1 16. Qxa1 Qa8 17. Qb1 Qb7 18. Kh2 Ra8 19. g5 Ne8 20. h4 g6 21. Kg3 Ng7 22. Nh2 d5 23. h5 dxe4 24. Bg4 Nf5+ 25. Bxf5 exf5 26. hxg6 fxg6 27. Rh1 Na5 28. Qd1 Qd5 29. Nhf1 Rd8 30. Qe2 Qf7 31. Qh2 Be6 32. Kg2 Nb3 33. Nxb3 cxb3 34. Ng3 Bc4 35. d5 Bxd5 36. Bd4 Bc4 37. Kf2 Rxd4 38. cxd4 Qg7 39. Ke3 Bd8 40. Qd2 Bb6 41. Rh6 Qc7 42. Qc3 Ba7 43. Qb4 Bb8 44. Rh4 Qd8 45. Qc5 Bd6 46. Qc6 Qe7 47. Qa8+ Kg7 48. Rh6 Bxf4+ 49. Kxf4 Qc7+ 50. Ke3 Qxg3+ 51. Kd2 Qf2+ 52. Kc3 Qg3+ 53. Kb4 Qxg5 54. Rh2 Qe7+ 55. Ka5 h5 0-1


[Site "https://www.chess.com"]

[Event "Titled Tuesday Blitz January 10 Late 2023"]
[White "Souza, Gustavo Horokoski De"]
[Black "Simonovic, Miroslav"]
[WhiteFideId "2146584"]
[BlackFideId "919152"]
[WhiteElo "1943"]
[BlackElo "2082"]
[Result "0-1"]
[Round "05"]
[TimeControl "180+2"]
[Date "2023.01.10"]
[WhiteClock "0:00:21"]
[BlackClock "0:00:08"]

1. d4 Nf6 2. c4 c5 3. d5 b5 4. cxb5 a6 5. bxa6 Bxa6 6. Nc3 d6 7. e4 Bxf1 8. Kxf1 Nbd7 9. Nf3 g6 10. g3 Bg7 11. Kg2 O-O 12. a4 Qa5 13. Qe2 Ng4 14. Nd2 h5 15. h3 Nh6 16. Nc4 Qb4 17. Bd2 Rfb8 18. Rhb1 Kh7 19. Nb5 Qb3 20. Be1 Ne5 21. Nxe5 Bxe5 22. Ra3 Rxb5 23. Rxb3 Rxb3 24. Qc2 Rab8 25. a5 Rxb2 26. Rxb2 Rxb2 27. Qa4 Rb1 28. a6 Rxe1 29. a7 Ra1 30. Qxa1 Bxa1 31. a8=Q Bd4 32. Qe8 Bf6 33. f4 Kg7 34. e5 dxe5 35. fxe5 Bxe5 36. Qxe7 Bxg3 37. Qxc5 Nf5 38. Qc3+ Kg8 39. Qc8+ Kg7 40. Qc3+ f6 41. Qc6 Bd6 42. Qb7+ Kh6 43. Qd7 h4 44. Qe8 Kg5 45. Qc8 Be5 46. Qa8 Kf4 47. Qa2 Ne3+ 48. Kh1 Nf5 49. Qf2+ Kg5 50. Qd2+ Kh5 51. Qe2+ Kh6 52. Qd2+ Kg7 53. Qa2 Nd6 54. Qa7+ Kh6 55. Qe3+ g5 56. Qf2 Bf4 57. Qc2 Kg7 58. Kg2 f5 59. Qc7+ Kf6 60. Qc6 Ke5 61. Kf3 Bg3 62. Qd7 g4+ 63. hxg4 fxg4+ 64. Kxg4 Kd4 65. Qe6 Kc5 66. Qg8 Kd4 67. Qa8 Ke4 68. Kh3 Ke5 69. Kg2 Nf5 70. Qc6 Nd6 71. Qd7 Ke4 72. Qe6+ Kd4 73. Qg4+ Kc5 74. Qh5 Nc4 75. Kh3 Ne3 76. Qe8 Nxd5 77. Qc8+ Kd4 78. Qa8 Ke5 79. Qa1+ Ke6 80. Qa2 Kd6 81. Qg2 Nf4+ 82. Kg4 Nxg2 83. Kh3 Nf4+ 84. Kg4 Ne6 85. Kh3 Ke7 86. Kg2 Kf6 87. Kh1 Kg6 88. Kg2 Kg5 89. Kh1 Kg4 90. Kg2 h3+ 91. Kh1 Bh4 92. Kg1 Ng5 93. Kh1 Be1 94. Kh2 Ba5 95. Kh1 Bc7 96. Kg1 h2+ 97. Kh1 Kh4 98. Kg2 Nf7 99. Kh1 Nh6 100. Kg2 Nf5 101. Kh1 Nd4 102. Kg2 Nb3 103. Kh1 Nc1 104. Kg2 Nd3 105. Kh1 Nf2+ 106. Kg2 h1=Q+ 0-1


[Site "https://www.chess.com"]

[Event "Titled Tuesday Blitz January 10 Late 2023"]
[White "Pinero Rodriguez, Carlos Jose"]
[Black "Kosakowski, Jakub"]
[WhiteFideId "3901726"]
[BlackFideId "1185080"]
[WhiteElo "2246"]
[BlackElo "2485"]
[Result "0-1"]
[Round "05"]
[TimeControl "180+2"]
[Date "2023.01.10"]
[WhiteClock "0:00:06"]
[BlackClock "0:00:34"]

1. d4 Nf6 2. c4 e6 3. Nc3 Bb4 4. Qc2 O-O 5. Nf3 d5 6. cxd5 exd5 7. Bg5 h6 8. Bh4 c5 9. e3 Nc6 10. Bxf6 Qxf6 11. dxc5 d4 12. exd4 Bg4 13. O-O-O Bxf3 14. gxf3 Nxd4 15. Qe4 Bxc3 16. bxc3 Nxf3 17. Bd3 Qxc3+ 18. Kb1 Ng5 19. Qg2 Qb4+ 20. Ka1 Rad8 21. h4 Qc3+ 22. Kb1 Rd4 23. Bc2 Ne6 24. Rdg1 Rfd8 25. Rh3 Qxc5 26. Re3 Qc6 27. Qg3 Qd6 28. Qg2 Rb4+ 29. Bb3 Qd4 0-1


[Site "https://www.chess.com"]

[Event "Titled Tuesday Blitz January 10 Late 2023"]
[White "Wang, Alexander J"]
[Black "Melikyan, Gnel"]
[WhiteFideId "30955270"]
[BlackFideId "54109990"]
[WhiteElo "1815"]
[BlackElo "2238"]
[Result "0-1"]
[Round "05"]
[TimeControl "180+2"]
[Date "2023.01.10"]
[WhiteClock "0:01:20"]
[BlackClock "0:02:06"]

1. e4 Nc6 2. d4 e5 3. d5 Nce7 4. c4 Nf6 5. Nc3 Ng6 6. Nf3 Bc5 7. h3 d6 8. a3 a5 9. Bg5 O-O 10. Be2 h6 11. Bxf6 Qxf6 12. g3 Bd7 13. Qd2 Ra6 14. Rb1 Rb6 15. Rf1 Bxh3 16. Rg1 Bg4 0-1


[Site "https://www.chess.com"]

[Event "Titled Tuesday Blitz January 10 Late 2023"]
[White "Santos Flores, Alberto"]
[Black "Kho, Darrell"]
[WhiteFideId "3601234"]
[BlackFideId "1019317"]
[WhiteElo "2164"]
[BlackElo "2075"]
[Result "1-0"]
[Round "05"]
[TimeControl "180+2"]
[Date "2023.01.10"]
[WhiteClock "0:00:41"]
[BlackClock "0:00:02"]

1. e4 e6 2. d4 d5 3. Nc3 Be7 4. Nf3 Nf6 5. e5 Nfd7 6. Ne2 c5 7. c3 b6 8. Nf4 Ba6 9. Bxa6 Nxa6 10. h4 cxd4 11. cxd4 Rc8 12. a3 Qc7 13. Be3 Qc2 14. Rc1 Qxd1+ 15. Kxd1 O-O 16. Kd2 b5 17. Rxc8 Rxc8 18. Rc1 Rxc1 19. Kxc1 Nb6 20. Nd2 Bxh4 21. Nd3 Nc4 22. Nxc4 bxc4 23. Nc5 Nxc5 24. dxc5 Kf8 25. b4 cxb3 26. Kb2 Ke8 27. Kxb3 Kd7 28. c6+ Kxc6 29. Bxa7 Bd8 30. Bb8 Bb6 31. f3 h5 32. a4 Ba5 33. Bd6 f5 34. Be7 Bd2 35. Bd6 g5 36. Kc2 Ba5 37. Be7 g4 38. f4 Kd7 39. Bg5 Bd8 40. Bh6 h4 41. Kd2 Be7 42. Ke2 Kc6 43. Kf1 Kc5 44. Bg5 h3 45. gxh3 1-0


[Site "https://www.chess.com"]

[Event "Titled Tuesday Blitz January 10 Late 2023"]
[White "Mikhalsky, Vladimir"]
[Black "Thomas, Anysia"]
[WhiteFideId "14144352"]
[BlackFideId "670472"]
[WhiteElo "2219"]
[BlackElo "2147"]
[Result "0-1"]
[Round "05"]
[TimeControl "180+2"]
[Date "2023.01.10"]
[WhiteClock "0:00:45"]
[BlackClock "0:00:07"]

1. e4 c5 2. Nf3 g6 3. d4 cxd4 4. Qxd4 Nf6 5. e5 Nc6 6. Qf4 Nd5 7. Qd2 Nb6 8. c4 Bg7 9. c5 Na4 10. Qc2 Qa5+ 11. Bd2 Qxc5 12. Qxa4 Nxe5 13. Bc3 Nxf3+ 14. gxf3 O-O 15. Bxg7 Kxg7 16. Nc3 d5 17. Rd1 Kg8 18. Rxd5 Qb6 19. Rb5 Qe6+ 20. Qe4 Qd6 21. Bc4 Bh3 22. Ke2 Rad8 23. Rd1 Qxh2 24. Rxb7 Rxd1 25. Nxd1 Qh1 26. Ne3 e6 27. Rxa7 Qc1 28. Qc2 Bf1+ 29. Nxf1 Qxc2+ 30. Ke3 Qxc4 0-1


[Site "https://www.chess.com"]

[Event "Titled Tuesday Blitz January 10 Late 2023"]
[White "Weisz, Bryan"]
[Black "Almedina Ortiz, Edgardo J."]
[WhiteFideId "30934133"]
[BlackFideId "3100197"]
[WhiteElo "1973"]
[BlackElo "2156"]
[Result "1-0"]
[Round "05"]
[TimeControl "180+2"]
[Date "2023.01.10"]
[WhiteClock "0:01:53"]
[BlackClock "0:00:01"]

1. d4 Nf6 2. c4 e6 3. Nc3 Bb4 4. Bg5 h6 5. Bh4 g5 6. Bg3 Ne4 7. Qd3 Bxc3+ 8. bxc3 f5 9. f3 Nxg3 10. hxg3 d6 11. e4 Qf6 12. Ne2 Nc6 13. g4 fxg4 14. fxg4 e5 15. Qf3 Rf8 16. d5 Na5 17. Ng3 Qxf3 18. gxf3 Rxf3 19. Nf5 Bxf5 20. Rxh6 Bxe4 21. Rh8+ Rf8 22. Rh5 Ke7 23. Rxg5 Rg8 24. Rxg8 Rxg8 25. Be2 b6 26. Kd2 Rf8 27. Ke3 Bg6 28. Rh1 Rf4 29. Rh6 Kf6 30. Rh8 Nxc4+ 31. Bxc4 Rxc4 32. Kd2 Rxg4 33. Rc8 Rc4 34. a4 a5 35. Rf8+ Ke7 36. Rg8 Bf7 37. Rc8 Bxd5 38. Kd3 Rc5 39. Rh8 Be6 40. Rh7+ Kf6 41. Kd2 Bf5 42. Rh8 Rc4 43. Rf8+ Ke6 44. Rc8 1-0


[Site "https://www.chess.com"]

[Event "Titled Tuesday Blitz January 10 Late 2023"]
[White "MunichMouse"]
[Black "Mazurkiewicz, Michal"]
[BlackFideId "1124943"]
[WhiteElo "1993"]
[BlackElo "2145"]
[Result "0-1"]
[Round "05"]
[TimeControl "180+2"]
[Date "2023.01.10"]
[WhiteClock "0:00:06"]
[BlackClock "0:01:44"]

1. d4 Nf6 2. c4 e5 3. d5 Bb4+ 4. Bd2 Qe7 5. a3 Bxd2+ 6. Nxd2 a5 7. e4 d6 8. Bd3 Na6 9. Ne2 Nc5 10. Bc2 a4 11. O-O Bd7 12. g3 O-O 13. Kg2 c6 14. Nc3 cxd5 15. cxd5 b5 16. Qe2 Rab8 17. Na2 g6 18. Nb4 Nh5 19. Rae1 f5 20. exf5 Bxf5 21. f4 Qd7 22. Bxf5 Rxf5 23. fxe5 Rxe5 24. Qf2 Rxe1 25. Rxe1 Rf8 26. Qe3 Qg4 27. Kh1 Nf6 28. Nf3 Re8 29. Qf2 Nfe4 0-1


[Site "https://www.chess.com"]

[Event "Titled Tuesday Blitz January 10 Late 2023"]
[White "Vargas, Mauricio"]
[Black "Guimaraes, Wagner Peixoto"]
[WhiteFideId "4404572"]
[BlackFideId "2100940"]
[WhiteElo "2035"]
[BlackElo "2194"]
[Result "0-1"]
[Round "05"]
[TimeControl "180+2"]
[Date "2023.01.10"]
[WhiteClock "0:00:03"]
[BlackClock "0:01:31"]

1. e4 c5 2. Nc3 Nc6 3. f4 e6 4. Nf3 Nge7 5. d3 d5 6. e5 Nf5 7. g3 h5 8. Bg2 Be7 9. O-O h4 10. g4 h3 11. Bh1 Nh4 12. Qe1 Nxf3+ 13. Rxf3 Nd4 14. g5 Nxc2 15. Qd2 Nxa1 16. b3 Qb6 17. Qb2 c4+ 18. Kf1 Nxb3 19. axb3 Qxb3 20. Qd2 d4 21. Ne4 c3 22. Qe1 Bd7 23. Nf2 Bc6 24. Rxh3 Rxh3 25. Nxh3 Bxh1 26. Kf2 Qc2+ 27. Kg3 Qg2+ 28. Kh4 O-O-O 0-1


[Site "https://www.chess.com"]

[Event "Titled Tuesday Blitz January 10 Late 2023"]
[White "Jenkins, Drake"]
[Black "Lutz, Igor Oscar"]
[WhiteFideId "2022397"]
[BlackFideId "2110806"]
[WhiteElo "2130"]
[BlackElo "1969"]
[Result "1-0"]
[Round "05"]
[TimeControl "180+2"]
[Date "2023.01.10"]
[WhiteClock "0:01:04"]
[BlackClock "0:00:03"]

1. Nf3 d5 2. c4 e6 3. g3 Nf6 4. Bg2 dxc4 5. O-O c5 6. Na3 Nc6 7. Nxc4 Be7 8. d3 O-O 9. a3 b5 10. Nfe5 Nxe5 11. Nxe5 Ba6 12. Nc6 Qc7 13. Nxe7+ Qxe7 14. Bxa8 Rxa8 15. Bg5 h6 16. Bxf6 Qxf6 17. Qc2 Rc8 18. b3 Bb7 19. Rac1 h5 20. Qd2 Qd4 21. Qg5 g6 22. b4 cxb4 23. Qxb5 Rxc1 24. Rxc1 Bd5 25. Qxb4 Qe5 26. e4 Ba2 27. Rc8+ Kh7 28. Qf8 1-0


[Site "https://www.chess.com"]

[Event "Titled Tuesday Blitz January 10 Late 2023"]
[White "Sanal, Vahap"]
[Black "Paravyan, David"]
[WhiteFideId "6300545"]
[BlackFideId "4194985"]
[WhiteElo "2600"]
[BlackElo "2601"]
[Result "0-1"]
[Round "06"]
[TimeControl "180+2"]
[Date "2023.01.10"]
[WhiteClock "0:00:07"]
[BlackClock "0:00:11"]

1. e4 e5 2. Nf3 Nf6 3. Nxe5 d6 4. Nf3 Nxe4 5. d4 d5 6. Bd3 Bd6 7. O-O O-O 8. Nbd2 Bf5 9. Re1 Re8 10. Nf1 c6 11. Ng3 Bg6 12. Ne5 Bxe5 13. dxe5 Nd7 14. Nxe4 dxe4 15. Bxe4 Nxe5 16. Bxg6 hxg6 17. Qxd8 Raxd8 18. Kf1 f6 19. b3 Kf7 20. Bb2 Rd2 21. Rac1 Nd3 22. Rxe8 Kxe8 23. Bc3 Rxf2+ 24. Kg1 Nxc1 25. Kxf2 Nxa2 26. Bd2 c5 27. c3 b5 28. b4 Kd7 29. Ke3 Kc6 30. Kd3 cxb4 31. cxb4 Kd5 32. g4 g5 33. h3 a6 34. Be1 Nc1+ 35. Kd2 Nb3+ 36. Kd3 Nd4 37. Bf2 Nc6 38. Bc5 a5 39. Bf8 Nxb4+ 40. Kc3 g6 41. Be7 Ke6 42. Bd8 Nc6 43. Bb6 a4 44. Kd3 f5 45. Be3 f4 46. Bd2 Kd5 47. Bc3 Ne5+ 48. Ke2 Ke4 49. Bb4 f3+ 50. Kf1 Nc4 51. Be7 a3 52. Bxg5 a2 53. Bf6 b4 0-1


[Site "https://www.chess.com"]

[Event "Titled Tuesday Blitz January 10 Late 2023"]
[White "Naroditsky, Daniel"]
[Black "Zakhartsov, Vladimir"]
[WhiteFideId "2026961"]
[BlackFideId "4145097"]
[WhiteElo "2618"]
[BlackElo "2552"]
[Result "1/2-1/2"]
[Round "06"]
[TimeControl "180+2"]
[Date "2023.01.10"]
[WhiteClock "0:00:04"]
[BlackClock "0:00:06"]

1. e4 c5 2. Nf3 Nc6 3. Bb5 g6 4. O-O Bg7 5. c3 Nf6 6. e5 Nd5 7. d4 cxd4 8. cxd4 O-O 9. Nc3 Nxc3 10. bxc3 d6 11. exd6 exd6 12. Re1 a6 13. Bd3 Be6 14. Ng5 Bd7 15. Qf3 Na5 16. Qg3 Bb5 17. Bc2 Nc4 18. Bf4 d5 19. h4 Qd7 20. h5 Rae8 21. Nf3 Ba4 22. Bb3 Rxe1+ 23. Rxe1 Re8 24. Rxe8+ Qxe8 25. h6 Bf8 26. Bxc4 dxc4 27. Bd6 Bxh6 28. Ne5 Qe6 29. Bb4 b6 30. Ng4 Bg7 31. Qb8+ Be8 32. d5 Qe1+ 33. Kh2 h5 34. Ne3 Qxf2 35. Qxe8+ Kh7 36. Bd6 Bxc3 37. Bg3 Qf6 38. d6 h4 39. Bf2 Qxf2 40. d7 Qg3+ 41. Kh1 Qe1+ 42. Kh2 Qg3+ 43. Kh1 Qe1+ 44. Kh2 Qg3+ 1/2-1/2


[Site "https://www.chess.com"]

[Event "Titled Tuesday Blitz January 10 Late 2023"]
[White "Svane, Rasmus"]
[Black "Sevian, Samuel"]
[WhiteFideId "4657101"]
[BlackFideId "2040506"]
[WhiteElo "2623"]
[BlackElo "2684"]
[Result "1/2-1/2"]
[Round "06"]
[TimeControl "180+2"]
[Date "2023.01.10"]
[WhiteClock "0:00:06"]
[BlackClock "0:00:07"]

1. Nf3 d5 2. g3 g6 3. Bg2 Bg7 4. d4 Nf6 5. O-O c6 6. c4 dxc4 7. a4 h6 8. Na3 Be6 9. Qc2 Bd5 10. Nxc4 a5 11. Re1 Na6 12. Bd2 Bxc4 13. Qxc4 O-O 14. e3 e6 15. Ne5 Nd5 16. Nd3 Qb6 17. Rec1 Rfd8 18. b3 Rac8 19. Rab1 Nab4 20. Nxb4 Nxb4 21. Qc5 Qxc5 22. Rxc5 Ra8 23. f4 Bf8 24. Rc4 h5 25. Kf2 Ra6 26. Ke2 Nd5 27. Rc2 Bb4 28. Bxd5 exd5 29. Bxb4 axb4 30. Kf3 Re8 31. Re1 Re4 32. h3 Ra8 33. g4 hxg4+ 34. hxg4 Rae8 35. Ree2 Kg7 36. a5 Rh8 37. Rh2 Rhe8 38. Rhe2 Ra8 39. Ra2 Kf6 40. Ra4 b5 41. axb6 Rb8 42. Rxb4 Ke7 43. Rc2 Kd6 44. b7 Kc7 45. Rb5 Kd7 46. Rb6 Re6 47. b4 Kc7 48. Rb5 Kd7 49. Rbc5 Rxb7 50. b5 Rxb5 51. Rxb5 cxb5 52. Rc5 Rb6 53. Rxd5+ Ke6 54. Rc5 b4 55. Ke4 b3 56. Rc1 b2 57. Rb1 Rb3 58. d5+ Kd6 59. Kd4 f5 60. gxf5 gxf5 61. Kc4 Rb8 62. Kd4 Rb7 63. Kc4 Rc7+ 64. Kd4 Rc2 65. Kd3 Rh2 66. Kd4 Rg2 67. Kc4 Rf2 68. Kd4 Re2 69. Kd3 Rh2 70. e4 fxe4+ 71. Kxe4 Rd2 72. Ke3 Rh2 73. Kd4 Rd2+ 74. Kc3 Rf2 75. Rxb2 Rxb2 76. Kxb2 Kxd5 77. f5 Ke5 78. f6 Kxf6 1/2-1/2


[Site "https://www.chess.com"]

[Event "Titled Tuesday Blitz January 10 Late 2023"]
[White "Hansen, Eric"]
[Black "Bortnyk, Olexandr"]
[WhiteFideId "2606771"]
[BlackFideId "14120828"]
[WhiteElo "2609"]
[BlackElo "2605"]
[Result "0-1"]
[Round "06"]
[TimeControl "180+2"]
[Date "2023.01.10"]
[WhiteClock "0:00:02"]
[BlackClock "0:00:03"]

1. Nf3 Nf6 2. g3 g6 3. Bg2 Bg7 4. O-O O-O 5. c4 d6 6. Nc3 Nbd7 7. d4 e5 8. e4 c6 9. h3 Qb6 10. d5 cxd5 11. cxd5 Nc5 12. Nd2 Bd7 13. Nc4 Qa6 14. b3 b5 15. Nb2 b4 16. Nca4 Nfxe4 17. Nxc5 Nxc5 18. Be3 Rac8 19. a3 bxa3 20. Nc4 a2 21. Qc2 Nxb3 22. Qxb3 Qxc4 23. Qa3 f5 24. Rfc1 Qb5 25. Rxc8 Bxc8 26. Qxa2 a6 27. Rb1 Qd7 28. Rb6 f4 29. Bd2 fxg3 30. fxg3 e4 31. Be3 Be5 32. g4 Qe7 33. Qd2 Qh4 34. Bh6 Re8 35. Rb3 Qf6 36. Bg5 Bd4+ 37. Be3 Bxe3+ 38. Rxe3 Qf4 39. Qc3 Bd7 40. Qd4 Qe5 41. Qa7 Bb5 42. Qb6 Qa1+ 43. Kh2 Qe5+ 44. Kg1 Qf4 45. Qd4 Re7 46. Qb6 Qe5 47. Qb8+ Kg7 48. Qb6 Qf4 49. Qd4+ Qf6 50. Qb6 Bd3 51. Qb4 Qa1+ 52. Re1 Qe5 53. Re3 Qxd5 54. Qc3+ Qe5 55. Qa3 Qc5 56. Qa1+ Re5 57. Qe1 a5 58. Kh1 a4 59. h4 a3 60. Qd2 a2 61. Re1 Bb1 62. Qb2 h5 63. g5 Kf7 64. Rf1+ Ke6 65. Bh3+ Kd5 66. Qb7+ Kd4 67. Rd1+ Bd3 68. Qb2+ Qc3 69. Qf2+ e3 70. Qxa2 e2 71. Qa7+ Qc5 72. Qa1+ Ke3 73. Re1 Re4 0-1


[Site "https://www.chess.com"]

[Event "Titled Tuesday Blitz January 10 Late 2023"]
[White "Deac, Bogdan-Daniel"]
[Black "Ivic, Velimir"]
[WhiteFideId "1226380"]
[BlackFideId "950122"]
[WhiteElo "2700"]
[BlackElo "2595"]
[Result "1-0"]
[Round "06"]
[TimeControl "180+2"]
[Date "2023.01.10"]
[WhiteClock "0:00:02"]
[BlackClock "0:00:14"]

1. b3 e5 2. Bb2 Nc6 3. Nf3 e4 4. Nd4 Nxd4 5. Bxd4 d5 6. e3 h5 7. Bb2 Bf5 8. c4 c6 9. cxd5 Qxd5 10. Nc3 Qd7 11. Qc2 Nf6 12. O-O-O O-O-O 13. h3 Kb8 14. Kb1 Ka8 15. Be2 h4 16. Na4 Rh6 17. Nc5 Qe7 18. d4 Rg6 19. Rhg1 Nd5 20. a3 Re8 21. b4 Qc7 22. b5 cxb5 23. Bxb5 Rc8 24. Bc4 Nb6 25. Bb3 Rc6 26. Rc1 Nd7 27. Bd5 Rb6 28. Nxd7 Qxd7 29. Qxc8+ Qxc8 30. Rxc8+ Bxc8 31. Rc1 Kb8 32. Ka2 f5 33. a4 Rg6 34. Rg1 Bd6 35. f3 Be6 36. fxe4 fxe4 37. Bxe6 Rxe6 38. Rf1 Rg6 39. Rf2 a6 40. Kb3 b5 41. axb5 axb5 42. d5 Kb7 43. Bd4 Kc8 44. Rc2+ Kd7 45. Ra2 Rg5 46. Ra7+ Kc8 47. Rxg7 Rf5 48. Rh7 Bg3 49. d6 Rd5 50. Rc7+ Kb8 51. Rg7 Rxd6 52. Rxg3 hxg3 53. Be5 Kc7 54. Kb4 Kc6 55. Bxd6 Kxd6 56. Kxb5 1-0


[Site "https://www.chess.com"]

[Event "Titled Tuesday Blitz January 10 Late 2023"]
[White "Sokolovsky, Yahli"]
[Black "Xiong, Jeffery"]
[WhiteFideId "2820242"]
[BlackFideId "2047640"]
[WhiteElo "2461"]
[BlackElo "2692"]
[Result "0-1"]
[Round "06"]
[TimeControl "180+2"]
[Date "2023.01.10"]
[WhiteClock "0:00:04"]
[BlackClock "0:02:11"]

1. b3 d5 2. e3 Nf6 3. Bb2 Bf5 4. Nf3 h6 5. d4 e6 6. Bd3 Bd6 7. O-O O-O 8. c4 c6 9. Qc2 Bxd3 10. Qxd3 Ne4 11. Ne5 Nd7 12. f4 Ndf6 13. Ba3 Bxa3 14. Nxa3 Qa5 15. Nc2 c5 16. dxc5 Qxc5 17. Nd4 Rfd8 18. Rac1 Rac8 19. Rc2 Qa5 20. Rfc1 a6 21. cxd5 Rxc2 22. Qxc2 Qxd5 23. Qc7 Rf8 24. h3 Nd6 25. Rc5 Qe4 26. Rc3 Nd5 27. Qxd6 Nxc3 28. Ng4 h5 29. Nf2 Qxe3 30. Nf3 Qxf2+ 0-1


[Site "https://www.chess.com"]

[Event "Titled Tuesday Blitz January 10 Late 2023"]
[White "Fedoseev, Vladimir"]
[Black "Talibov, Shiroghlan"]
[WhiteFideId "24130737"]
[BlackFideId "13429078"]
[WhiteElo "2680"]
[BlackElo "2359"]
[Result "1-0"]
[Round "06"]
[TimeControl "180+2"]
[Date "2023.01.10"]
[WhiteClock "0:00:15"]
[BlackClock "0:00:07"]

1. e4 e6 2. d4 d5 3. Nd2 Nf6 4. e5 Nfd7 5. f4 c5 6. c3 Nc6 7. Ngf3 Qb6 8. Nb3 cxd4 9. Nbxd4 Nxd4 10. cxd4 Bb4+ 11. Bd2 O-O 12. Bd3 f6 13. Qc2 Bxd2+ 14. Kxd2 fxe5 15. fxe5 Rxf3 16. gxf3 Qxd4 17. Qc3 Qf4+ 18. Kc2 Nxe5 19. Rae1 Nc6 20. Kb1 Bd7 21. Rhg1 Qd4 22. Qc2 Qh4 23. Rg3 Rf8 24. Reg1 Rf7 25. Qg2 Qd4 26. Rd1 Qe5 27. Qh3 g6 28. Rdg1 Ne7 29. Qh6 Qf6 30. Bxg6 hxg6 31. Rxg6+ Nxg6 32. Rxg6+ Qxg6+ 33. Qxg6+ Rg7 34. Qf6 Rf7 35. Qd8+ Kh7 36. f4 Bc6 37. Qh4+ Kg7 38. Kc2 d4 39. Kd3 Rd7 40. Qg5+ Kf7 41. h4 a6 42. h5 Bb5+ 43. Kd2 Bc6 44. h6 Be4 45. Qg7+ Ke8 46. Qg8+ Ke7 47. h7 Bxh7 48. Qxh7+ Kd6 49. Qe4 Ke7 50. f5 Rd6 51. Qxb7+ Kf6 52. fxe6 Kxe6 53. Kd3 1-0


[Site "https://www.chess.com"]

[Event "Titled Tuesday Blitz January 10 Late 2023"]
[White "Kazakouski, Valery"]
[Black "Nakamura, Hikaru"]
[WhiteFideId "13507443"]
[BlackFideId "2016192"]
[WhiteElo "2539"]
[BlackElo "2775"]
[Result "0-1"]
[Round "06"]
[TimeControl "180+2"]
[Date "2023.01.10"]
[WhiteClock "0:00:01"]
[BlackClock "0:00:11"]

1. Nf3 g6 2. d4 Bg7 3. c4 d6 4. g3 Bd7 5. Nc3 Qc8 6. Be3 Nc6 7. d5 Na5 8. Bd4 Nf6 9. c5 dxc5 10. Bxc5 b6 11. Bd4 c5 12. Be3 Nc4 13. Bc1 Nd6 14. Bg2 Nfe4 15. Nxe4 Nxe4 16. O-O O-O 17. Qc2 Nd6 18. e4 Bg4 19. Bg5 Re8 20. Bf4 Bxf3 21. Bxf3 Nb5 22. Bg2 e5 23. Be3 Nd6 24. Rae1 f5 25. f4 fxe4 26. Bxe4 Nxe4 27. Qxe4 exf4 28. Qxf4 Qd7 29. d6 Re6 30. Qc4 Re8 31. Bf4 Bd4+ 32. Kg2 Kg7 33. Rxe6 Rxe6 34. b3 h6 35. h4 g5 36. hxg5 hxg5 37. Bxg5 Qxd6 38. Bf4 Qc6+ 39. Kh3 Re8 40. g4 Rh8+ 41. Kg3 Qe4 42. Qa6 Kg6 43. Qc4 a6 44. a4 Kg7 45. Qxa6 Qe6 46. Qc4 Qe7 47. Qd3 Qh4+ 48. Kf3 Qh3+ 49. Bg3 Rf8+ 50. Ke4 Qxf1 0-1


[Site "https://www.chess.com"]